 Dungeon Crawl Stone Soup version 0.22-a0-776-ge6d7efa (webtiles) character file.

91 Amnesiac the Digger (level 4, -2/30 HPs)
             Began as a Demonspawn Earth Elementalist on July 18, 2018.
             Slain by a worker ant (5 damage)
             ... on level 4 of the Dungeon.
             The game lasted 00:04:21 (890 turns).

Amnesiac the Digger (Demonspawn Earth Elementalist)  Turns: 890, Time: 00:04:22

Health: -2/30      AC:  2    Str:  8    XL:     4   Next: 33%
Magic:  5/9        EV: 12    Int: 17    God:
Gold:   7          SH:  0    Dex: 14    Spells: 2/9 levels left

rFire    . . .     SeeInvis .   j - +0 dagger
rCold    . . .     Gourm    +   (no shield)
rNeg     . . .     Faith    .   c - +0 robe
rPois    .         Spirit   .   (no helmet)
rElec    .         Reflect  .   (no cloak)
rCorr    .         Harm     .   (no gloves)
MR       .....                  (no boots)
Stlth    ++........             f - amulet of the gourmand
HPRegen  0.10/turn              (no ring)
MPRegen  0.11/turn              (no ring)

@: lethally poisoned (-2 -> -9), very slightly contaminated, invisible
A: demonic guardian 1, powered by pain 1
a: no special abilities


You were on level 4 of the Dungeon.
You were very full.

You visited 1 branch of the dungeon, and saw 4 of its levels.

You collected 7 gold pieces.

Inventory:

Hand Weapons
 j - a +0 dagger (weapon)
 n - a cursed -3 hunting sling
Armour
 c - a +0 robe (worn)
Jewellery
 f - an amulet of the gourmand (around neck)
Wands
 k - a wand of disintegration (4)
Scrolls
 a - a scroll of teleportation {!r}
 g - a scroll of immolation {!r}
Potions
 o - a potion of brilliance {!q}
Comestibles
 d - 3 rations
 m - 8 chunks of flesh


   Skills:
 + Level 0.0 Fighting
 - Level 0.2 Short Blades
 - Level 1.7 Dodging
 - Level 2.2 Stealth
 - Level 3.4 Spellcasting
 - Level 1.0 Transmutations
 - Level 3.4 Earth Magic


You had 2 spell levels left.
You knew the following spells:

 Your Spells              Type           Power        Failure   Level  Hunger
a - Sandblast             Erth           ##....       4%          1    None
b - Passwall              Tmut/Erth      ##......     11%         2    ##.....
e - Petrify               Tmut/Erth      ##......     56%         4    ####...

Your spell library contained the following spells:

 Spells                   Type           Power        Failure   Level  Hunger
 Stone Arrow              Conj/Erth      #.....       26%         3    ###....
 Lee's Rapid Deconstruct  Erth           ##........   75%         5    ######.


Dungeon Overview and Level Annotations

Branches:
Dungeon (4/15)
 Temple: D:4-7

Altars:
Fedhas
Kikubaaqudgha
Okawaru
Uskayaw
Vehumet
Yredelemnul

Annotations:
D:4 Blork the orc


Innate Abilities, Weirdness & Mutations

A weak demonic guardian rushes to your aid.
You sometimes gain a little power by taking damage.


Message History

r - Retreat! s - Stop attacking. g - Guard the area. f - Follow me.
Anything else - Cancel.
Gang up on whom?
Press: ? - help, Dir - move target cursor, f - worker ant
Aim: a worker ant Attack!
The worker ant bites your iron imp.
Casting: Sandblast (safe; 4% risk of failure)
Confirm with . or Enter, or press ? or * to list all spells.
Aiming: Sandblast (safe; 4% risk of failure)
Press: ? - help, Shift-Dir - straight line, f/p - worker ant
Aim: a worker ant You don't have any stones to cast with.
Unknown command.
Casting: Sandblast (safe; 4% risk of failure)
Confirm with . or Enter, or press ? or * to list all spells.
The spell is very dangerous to cast (56% risk of failure)!
Continue anyway? [Y]es or [N]o only, please.
The spell is very dangerous to cast (56% risk of failure)!
Continue anyway?
Okay, then.
The worker ant bites your iron imp.
Your iron imp is poisoned.
The worker ant poisons your iron imp!
The worker ant barely misses your iron imp.
The worker ant closely misses your iron imp.
The worker ant barely misses your iron imp.
Your iron imp disappears in a puff of smoke!
Okay, then.
Put on which piece of jewellery? (? for menu, Esc to quit)
Okay, then.
Casting: Petrify (very dangerous; 56% risk of failure)
Confirm with . or Enter, or press ? or * to list all spells.
The spell is very dangerous to cast (56% risk of failure)!
Continue anyway? [Y]es or [N]o only, please.
The spell is very dangerous to cast (56% risk of failure)!
Continue anyway?
Aiming: Petrify (very dangerous; 56% risk of failure)
Press: ? - help, Shift-Dir - straight line, f/p - worker ant
Aim: a worker ant (moderately wounded, chance to defeat MR: 50%)
You miscast Petrify.
You are very lightly contaminated with residual magic.
The floor vibrates.
The worker ant barely misses you.
You barely miss the worker ant.
The worker ant is moderately wounded.
The worker ant bites you!
* * * LOW HITPOINT WARNING * * *
You are poisoned.
The worker ant poisons you!
You feel sick. The worker ant bites you.
* * * LOW HITPOINT WARNING * * *
You are lethally poisoned!
The worker ant poisons you!
Really quaff
i - a potion of invisibility {!q}?
You fade into invisibility!
* * * LOW HITPOINT WARNING * * *
You feel sick.
The plant is engulfed in a cloud of scalding steam.
The worker ant barely misses you.
* * * LOW HITPOINT WARNING * * *
You feel sick. The worker ant barely misses you.
You hit the worker ant but do no damage.
The worker ant is severely wounded.
* * * LOW HITPOINT WARNING * * *
You feel sick. The worker ant bites you.
You die...

≈.≈≈ .... ♣≈≈.≈≈≈≈
♣♣#.# ♣P≈≈.≈≈≈≈≈
♣♣.".# ♣≈≈≈.≈≈PP
♣.#### ≈≈≈≈≈.≈≈≈≈
♣♣.####.#
≈≈≈≈≈.≈≈≈≈♣♣.......#
≈≈≈≈≈.≈P≈♣≈..#######
≈≈≈≈≈.P≈≈P..##
P≈≈≈≈.≈≈≈@.##
≈≈≈≈P.≈♣a.##
♣♣...5.## #....##
######


You could see a worker ant and a friendly iron imp.

Vanquished Creatures
  A bullfrog skeleton (D:4)
  3 adders (D:4)
  An ooze (D:1)
  A leopard gecko (D:4)
  8 orcs (D:4)
  A quokka (D:4)
  A jackal skeleton (D:4)
  A rat (D:3)
17 creatures vanquished.

Vanquished Creatures (collateral kills)
  A gnoll (D:4)
  A quokka skeleton (D:4)
2 creatures vanquished.

Grand Total: 19 creatures vanquished

Notes
Turn   | Place    | Note
-------+----------+-------------------------------------------
     0 | D:1      | Amnesiac the Demonspawn Earth Elementalist began the quest for the Orb.
     0 | D:1      | Reached XP level 1. HP: 13/13 MP: 3/3
   124 | D:4      | Found a hide-covered altar of Uskayaw.
   124 | D:4      | Found a blossoming altar of Fedhas.
   124 | D:4      | Found a radiant altar of Vehumet.
   124 | D:4      | Found an iron altar of Okawaru.
   126 | D:4      | Found an ancient bone altar of Kikubaaqudgha.
   127 | D:4      | Found a basalt altar of Yredelemnul.
   152 | D:4      | Noticed Blork the orc
   200 | D:4      | Gained mutation: You sometimes gain a little power by taking damage. [demonic ancestry]
   200 | D:4      | Reached XP level 2. HP: 19/19 MP: 0/5
   204 | D:4      | Learned a level 2 spell: Passwall
   523 | D:4      | Gained mutation: A weak demonic guardian rushes to your aid. [demonic ancestry]
   523 | D:4      | Reached XP level 3. HP: 13/24 MP: 0/7
   677 | D:4      | Reached skill level 1 in Transmutations
   752 | D:4      | Reached XP level 4. HP: 30/30 MP: 2/8
   789 | D:4      | Learned a level 4 spell: Petrify
   890 | D:4      | Slain by a worker ant

Vault maps used:
D:1:      dpeg_arrival_tiny_j, minmay_heptomino_o4
D:2:      old_standard_altar, solitary_fountain, glass_columns_c
D:3:      wad_floor_pattern_untrapped, nicolae_dithmenos_shadow_blocks
D:4:      grunt_temple_overflow_open, serial_bayou_lagoon_b, uniq_blork_the_orc

Skill      XL: |  1  2  3 |
---------------+----------+-----
Earth Magic    | 3 |  3.4
Spellcasting   | 3 |  3.4
Stealth        | 2 |  2.2
Transmutations | 1 |  1.0
Short Blades   | |  0.2
Dodging        | |  1.7

Action                   |  1- 3 |  4- 6 || total
-------------------------+-------+-------++-------
Melee: Dagger            |     8 |     3 ||    11
       Unarmed           |     3 |       ||     3
 Cast: Sandblast         |    29 |     1 ||    30
       Passwall          |     1 |     1 ||     2
  Use: Scroll            |       |     6 ||     6
       Potion            |       |     1 ||     1
 Stab: Sleeping          |       |     1 ||     1
  Eat: Chunk             |     9 |       ||     9
Armor: Robe              |     1 |     1 ||     2
Dodge: Dodged            |    11 |    13 ||    24

Table legend:
 A = Spawn XP
 B = Non-spawn XP
 C = Spawn XP percentage of total XP
 D = Spawn monster count
 E = Non-spawn monster count
 F = Spawn count percentage of total count
 G = Total turns spent on level
                    A         B        C        D         E        F      G
               +---------+---------+-------+---------+---------+-------+---------
         Total |       0 |     130 |   0.0 |       0 |      19 |   0.0 |   890
               +---------+---------+-------+---------+---------+-------+---------
           D:1 |       0 |       7 |   0.0 |       0 |       1 |   0.0 |    66
           D:3 |       0 |       1 |   0.0 |       0 |       1 |   0.0 |    42
           D:4 |       0 |     122 |   0.0 |       0 |      17 |   0.0 |   771
               +---------+---------+-------+---------+---------+-------+---------
